[Event "*** Titled Tuesday Blitz"]
[Site "Chess.com"]
[Date "2020.11.24"]
[Round "3"]
[White "Caisachess"]
[Black "Gevo1990"]
[Result "0-1"]
[WhiteElo "2393"]
[BlackElo "2577"]
[TimeControl "180+1"]
[EndTime "10:44:38 PST"]
[Termination "Gevo1990 won by resignation"]

1. e4 c5 2. c3 Nf6 3. e5 Nd5 4. d4 d6 5. Nf3 e6 6. a3 Nb6 7. Bd3 Nc6 8. O-O Be7 9. Qe2 d5 10. Be3 c4 11. Bc2 Bd7 12. Nbd2 Na5 13. Ne1 Ba4 14.
Bb1 Qd7 15. f4 g6 16. Nc2 h5 17. Nb4 O-O-O 18. Ba2 Kb8 19. Rae1 h4 20. h3 Rdg8 21. Nf3 Nc8 22. Ng5 Rg7 23. Bc1 Bd8 24. Nc2 Bxc2 25. Qxc2 Ne7 26. Bb1 Nf5 27. Rf3 Nb3 28. Ba2 Nxc1 29.
Qxc1 Rh5 30. Bb1 Bxg5 31. fxg5 Qe7 32. Ref1 Rxg5 33. Bxf5 gxf5 34. R1f2 Qd8 35. Qf4 Qg8 36. Qd2 Rg3 37. Kh2 a5 38. Rf4 Rd3 39. Qe2 Qh8 40.
R2f3 Rg3 41. Rxd3 cxd3 42. Qf2 Qh6 43. Kg1 Qg5 44. Kf1 Rxg2 45. Qxg2 Qxf4+ 46. Qf2 Qc1+ 47. Kg2 Qc2 48. Kf3 d2 0-1

[Event "*** Titled Tuesday Blitz"]
[Site "Chess.com"]
[Date "2020.11.24"]
[Round "3"]
[White "Durarbayli"]
[Black "sunofadawn"]
[Result "0-1"]
[WhiteElo "2752"]
[BlackElo "2500"]
[TimeControl "180+1"]
[EndTime "10:44:39 PST"]
[Termination "sunofadawn won on time"]

1. e4 e5 2. Nc3 Nf6 3. f4 d5 4. fxe5 Nxe4 5. Qf3 f5 6. d3 Nxc3 7. bxc3 Nc6 8. Qg3 d4 9. Be2 Be6 10. Bf3 Bd5 11. Bg5 Qd7 12. Rb1 h6 13. Bd2 O-O-O 14.
c4 Bxf3 15. Nxf3 g5 16. O-O Bg7 17. Rb5 a6 18. Rb3 f4 19. Qf2 Nxe5 20. Nxe5 Bxe5 21.
Rfb1 c6 22. Rxb7 Qxb7 23. Rxb7 Kxb7 24. Qf3 Bc7 25. Be1 Rhe8 26. Bf2 Re5 27. h3 Ra5 28. Qd1 Ka7 29. Qf3 Kb7 30. Qd1 Re5 31. Qh5 Re6 32. Qf7 Re2 33. c5 Rd5 34. Qh5 Rxc2 35. Qxh6 Rdxc5 36. Bxd4 Rd5 37. Qg7 Rxd4 38. Qxg5 Rxd3 0-1

[Event "*** Titled Tuesday Blitz"]
[Site "Chess.com"]
[Date "2020.11.24"]
[Round "3"]
[White "Lysiak_Poltorak"]
[Black "davidkalashian"]
[Result "0-1"]
[WhiteElo "2370"]
[BlackElo "2550"]
[TimeControl "180+1"]
[EndTime "10:44:39 PST"]
[Termination "davidkalashian won by checkmate"]

1. d4 Nf6 2. c4 e6 3. Nc3 Bb4 4. Qc2 c5 5. dxc5 O-O 6. a3 Bxc5 7. Nf3 b6 8. Bf4 Bb7 9. e3 Nh5 10. Bd3 Nxf4 11. Bxh7+ Kh8 12. exf4 g6 13. Bxg6 fxg6 14. Ne5 Nc6 15. Nxg6+ Kg7 16. Nxf8 Qxf8 17. O-O-O Qxf4+ 18. Kb1 Nd4 19. Qd3 e5 20. b4 Be7 21. h4 a5 22.
Rh3 Rg8 23. Rg3+ Kh8 24. Rxg8+ Kxg8 25. Qg6+ Kf8 26. h5 axb4 27. h6 bxc3 28. h7 Be4+ 29. Ka2 Qxf2+ 30. Ka1 Qb2# 0-1

[Event "*** Titled Tuesday Blitz"]
[Site "Chess.com"]
[Date "2020.11.24"]
[Round "3"]
[White "pelmerch"]
[Black "kai_nov"]
[Result "1-0"]
[WhiteElo "2521"]
[BlackElo "2334"]
[TimeControl "180+1"]
[EndTime "10:44:39 PST"]
[Termination "pelmerch won by resignation"]

1. d4 d5 2. c4 e6 3. Nf3 c6 4. g3 dxc4 5. Bg2 b5 6. O-O Bb7 7. a4 Nf6 8. Ne5 Qc8 9. Nc3 Nbd7 10. axb5 cxb5 11. e4 a6 12. Bf4 Be7 13. d5 Bc5 14.
Nc6 exd5 15. exd5 O-O 16. Re1 Nb6 17. Ne7+ Bxe7 18. Rxe7 b4 19. Na4 Nbxd5 20. Nb6 Nxb6 21. Bxb7 Qd8 22. Bxa8 Qxe7 23. Bd6 Qd8 24. Bxf8 Qxa8 25.
Bxb4 h5 26. Qd6 Nbd5 27. Rxa6 Qe8 28. Ra1 Nxb4 29. Qxb4 Qe6 30. h4 Ng4 31. Qc3 Kh7 32.
Rc1 g6 33. Qxc4 Qe2 34. Qxe2 Nf6 35. Rc7 1-0

[Event "*** Titled Tuesday Blitz"]
[Site "Chess.com"]
[Date "2020.11.24"]
[Round "3"]
[White "Harry_Rakkel"]
[Black "Rhinos1"]
[Result "1-0"]
[WhiteElo "2501"]
[BlackElo "2221"]
[TimeControl "180+1"]
[EndTime "10:44:39 PST"]
[Termination "Harry_Rakkel won on time"]

1. c4 e5 2. e3 d6 3. Nc3 Nf6 4. b3 Nbd7 5. Bb2 Be7 6. Qc2 O-O 7. Nf3 c6 8. d4 a6 9. Be2 Qc7 10.
O-O Re8 11. Rfd1 Nf8 12. dxe5 dxe5 13. Na4 Ng6 14. c5 Bg4 15. h3 Bxf3 16. Bxf3 e4 17. Be2 Rad8 18. b4 Nd5 19. Qb3 Bf6 20. Bc4 Bxb2 21.
Nxb2 Qe5 22. Rd4 Nh4 23. Qd1 h5 24. Kh1 Re6 25. Bf1 Rde8 26. Nc4 Qg5 27. Nd6 R8e7 28. Qc2 Rg6 29. Nxe4 Qf5 30. Rc1 Nf3 31. gxf3 Qxh3+ 32. Bxh3 1-0

[Event "*** Titled Tuesday Blitz"]
[Site "Chess.com"]
[Date "2020.11.24"]
[Round "3"]
[White "poneis_malditos"]
[Black "annacramling"]
[Result "0-1"]
[WhiteElo "2297"]
[BlackElo "2067"]
[TimeControl "180+1"]
[EndTime "10:44:39 PST"]
[Termination "annacramling won by resignation"]

1. e4 c5 2. Nc3 Nc6 3. g3 g6 4.
Bg2 Bg7 5. d3 d6 6. Be3 e5 7.
Qd2 Nge7 8. Bh6 O-O 9. h4 Bxh6 10. Qxh6 f6 11. Qd2 Nd4 12. Nge2 Bg4 13. Nxd4 cxd4 14. Nd5 Nxd5 15. exd5 Rc8 16. c4 dxc3 17. bxc3 Qa5 18. c4 Qa3 19. O-O b5 20. cxb5 Rc3 21. d4 Rd3 22.
Qc1 Qxc1 23. Rfxc1 exd4 24. Rc7 Ra3 25. Re1 Rf7 26.
Rc6 Rd7 27. f3 Bxf3 28. Bxf3 Rxf3 29. Kg2 Ra3 30. Re2 Rc3 31. Rd2 Re7 32. Rxd4 Ree3 33. Rg4 f5 34. Rg5 Re2+ 35. Kf1 Rec2 36. Rxc3 Rxc3 37.
h5 Kg7 38. hxg6 hxg6 39. g4 f4 40. Ke2 Kf6 41. Kd2 Rg3 0-1

[Event "*** Titled Tuesday Blitz"]
[Site "Chess.com"]
[Date "2020.11.24"]
[Round "3"]
[White "MrTattaglia"]
[Black "MatyChess1"]
[Result "1-0"]
[WhiteElo "2823"]
[BlackElo "2604"]
[TimeControl "180+1"]
[EndTime "10:44:40 PST"]
[Termination "MrTattaglia won on time"]

1. e4 c5 2. Nf3 g6 3. d4 cxd4 4. Nxd4 Nc6 5. c4 Nf6 6. Nc3 d6 7. f3 Bg7 8. Be3 O-O 9. Be2 Qa5 10. O-O Nxd4 11. Bxd4 Be6 12. Qd2 Rfc8 13. b3 b5 14.
Rab1 bxc4 15. b4 Qd8 16. a4 Nd7 17. a5 a6 18. Rfc1 Rab8 19. f4 Qf8 20. Be3 f5 21. Bf3 h6 22. exf5 Qxf5 23. Be4 Qh5 24. h3 Qh4 25. Bxg6 Qg3 26. Be4 1-0

[Event "*** Titled Tuesday Blitz"]
[Site "Chess.com"]
[Date "2020.11.24"]
[Round "3"]
[White "Arkady_Gitelson"]
[Black "Andreikka"]
[Result "1-0"]
[WhiteElo "2618"]
[BlackElo "2879"]
[TimeControl "180+1"]
[EndTime "10:44:40 PST"]
[Termination "Arkady_Gitelson won on time"]

1. Nf3 c6 2. g3 d5 3. Bg2 g6 4. O-O Bg7 5. d4 Nf6 6. Ne5 O-O 7. c4 Nbd7 8. Nc3 e6 9. f4 dxc4 10. Nxc4 Nd5 11. e4 Ne7 12. Be3 b6 13. Nd6 Ba6 14.
Rf2 Nc8 15. Qa4 Nxd6 16. Qxa6 Rc8 17. Rd1 b5 18. b3 b4 19. Ne2 Nb5 20. Qa4 a5 21. d5 exd5 22. exd5 Nb6 23. Qxa5 Nxd5 24. Qxd8 Rfxd8 25. Bc5 Bf8 26. Rc1 Ndc3 27. Bxf8 Kxf8 28.
a4 Nxe2+ 29. Rxe2 Nc3 30. Rec2 c5 31. Bf1 1-0

[Event "*** Titled Tuesday Blitz"]
[Site "Chess.com"]
[Date "2020.11.24"]
[Round "3"]
[White "Escanor89"]
[Black "Zajdanek"]
[Result "1-0"]
[WhiteElo "2521"]
[BlackElo "2324"]
[TimeControl "180+1"]
[EndTime "10:44:40 PST"]
[Termination "Escanor89 won by resignation"]

1. Nf3 d5 2. c4 c6 3. e3 e6 4. d4 Bd6 5. b3 f5 6. Bd3 Nf6 7. Bb2 O-O 8. O-O Qe7 9. a4 a5 10. Ba3 Bxa3 11. Nxa3 b6 12. Rc1 Bb7 13. Nb1 Na6 14.
Ne5 Nb4 15. Nc3 Rac8 16. Qe2 c5 17. cxd5 Nfxd5 18. Nxd5 exd5 19. Bb5 f4 20. g3 cxd4 21. exd4 Rxc1 22. Rxc1 fxg3 23. hxg3 Bc8 24. Bd3 Nxd3 25. Qxd3 Bf5 26. Qe3 h6 27. Rc6 Qa3 28. Rxb6 Be4 29.
Rc6 Qa1+ 30. Rc1 Qb2 31. Rf1 Rb8 32. Qf4 Qxd4 33. Nc6 g5 34. Qxb8+ 1-0

[Event "*** Titled Tuesday Blitz"]
[Site "Chess.com"]
[Date "2020.11.24"]
[Round "3"]
[White "Margency"]
[Black "vugarrasulov"]
[Result "1-0"]
[WhiteElo "2666"]
[BlackElo "2866"]
[TimeControl "180+1"]
[EndTime "10:44:41 PST"]
[Termination "Margency won on time"]

1. e4 g6 2. d4 Bg7 3. Nc3 a6 4.
Be3 b5 5. f4 Bb7 6. Bd3 e6 7.
Nf3 Ne7 8. e5 d6 9. Qe2 Nd7 10.
Ne4 Nb6 11. O-O Ned5 12. Bd2 O-O 13. c3 Re8 14. Rad1 Ne7 15. Bc1 Bxe4 16. Bxe4 d5 17. Bb1 Rc8 18. Qf2 Na4 19. Be3 Nf5 20. Bc1 c5 21. g4 Ne7 22. f5 Nc6 23. f6 Bf8 24. Qh4 cxd4 25. cxd4 Nb4 26. Ng5 h6 27. Nxf7 Kxf7 28. Bxg6+ Kxg6 29. Qh5+ Kh7 30. g5 Rxc1 31.
g6+ Kh8 32. g7+ Kh7 33. Rxc1 Qb6 34. Rcd1 Qc6 35. f7 Bxg7 36. fxe8=Q Qc2 37. Rf2 Qe4 38. Rg2 Nd3 39. Qhg6+ 1-0

[Event "*** Titled Tuesday Blitz"]
[Site "Chess.com"]
[Date "2020.11.24"]
[Round "3"]
[White "vinniethepooh"]
[Black "Sviridov_Valery"]
[Result "0-1"]
[WhiteElo "2607"]
[BlackElo "2830"]
[TimeControl "180+1"]
[EndTime "10:44:41 PST"]
[Termination "Sviridov_Valery won on time"]

1. d4 g6 2. c4 Bg7 3. Nc3 d6 4. Nf3 e5 5. Bg5 f6 6. Bh4 Nc6 7. e4 Bg4 8. d5 Nd4 9. Be2 Bxf3 10. Bxf3 c5 11. O-O Ne7 12. Qd3 O-O 13. Ne2 Qd7 14.
Nxd4 cxd4 15. h3 f5 16. Rfe1 Bf6 17. Bxf6 Rxf6 18. b4 Raf8 19. Re2 fxe4 20. Bxe4 Kg7 21. a4 Rf4 22. a5 h5 23. f3 g5 24. g3 R4f6 25. g4 Ng6 26. Bxg6 Rxg6 27. Rf1 Rgf6 28. Rg2 h4 29. Rgf2 Rf4 30. Kg2 Qf7 31. Qd2 Kh6 32. Qe2 b6 33. a6 b5 34. cxb5 Qxd5 35. b6 axb6 36. a7 b5 37. Qd2 Ra8 38. Ra1 Rf7 39. Ra5 Raxa7 40. Rxa7 Rxa7 41. Qd3 Rf7 42. Rc2 Rf4 43.
Rc8 e4 0-1

[Event "*** Titled Tuesday Blitz"]
[Site "Chess.com"]
[Date "2020.11.24"]
[Round "3"]
[White "AvitalBor"]
[Black "ural58"]
[Result "1-0"]
[WhiteElo "2669"]
[BlackElo "2414"]
[TimeControl "180+1"]
[EndTime "10:44:41 PST"]
[Termination "AvitalBor won by resignation"]

1. e4 d5 2. exd5 Qxd5 3. Nf3 Bg4 4. Be2 Nc6 5. h3 Bxf3 6. Bxf3 Qe6+ 7. Qe2 Qxe2+ 8.
Bxe2 O-O-O 9. d3 g6 10. Nc3 Bg7 11. Bd2 e5 12. O-O-O Nge7 13. Rde1 Rhe8 14. g4 Nd4 15.
Bd1 Nec6 16. h4 a6 17. h5 Ne6 18. Ne4 f5 19. gxf5 gxf5 20. Ng3 Rf8 21. h6 Bh8 22. Rh5 e4 23. Rxf5 Rxf5 24. Nxf5 Nc5 25. Bg5 Rg8 26. Ne7+ Nxe7 27. Bxe7 Bd4 28. dxe4 Bxf2 29.
Re2 Bg1 30. e5 Kd7 31. Bf6 Ke6 32. b4 Nd7 33. c3 Rg3 34. Bb3+ Kf5 35. Bg7 Be3+ 36.
Kc2 Nxe5 37. Bg8 Ng4 38. Bxh7+ Kf4 39. Bd3 Rh3 40. h7 1-0

[Event "*** Titled Tuesday Blitz"]
[Site "Chess.com"]
[Date "2020.11.24"]
[Round "3"]
[White "ARTHURMOTIVATOR"]
[Black "bratkoo"]
[Result "1-0"]
[WhiteElo "2297"]
[BlackElo "2500"]
[TimeControl "180+1"]
[EndTime "10:44:41 PST"]
[Termination "ARTHURMOTIVATOR won by resignation"]

1. e4 g6 2. d4 Bg7 3. Nc3 d6 4. Bg5 a6 5. f4 b5 6. Nf3 Nd7 7.
Bd3 c5 8. dxc5 Nxc5 9. O-O Bb7 10. Qe2 Qb6 11. Kh1 Nf6 12. e5 dxe5 13. fxe5 Ng4 14. h3 Bxf3 15. Qxf3 O-O 16. Qxg4 Bxe5 17.
Bxe7 Rfe8 18. Bxc5 Qxc5 19. Ne4 Qd4 20. Qf3 f5 21.
Nc3 Bd6 22. Qd5+ Qxd5 23. Nxd5 Re5 24. c4 Kg7 25. Rae1 Rae8 26. Rxe5 Rxe5 27. Rd1 h5 28.
Bf1 bxc4 29. Bxc4 h4 30. Bxa6 g5 31. Bf1 g4 32. hxg4 fxg4 33. b4 Re4 34. b5 Ra4 35. b6 Rxa2 36. Nc3 Rc2 37. Rxd6 Rxc3 38. Rd4 g3 39. Rxh4 Rb3 40. Rg4+ Kf6 41. Rf4+ Kg5 42. Rf3 Rxb6 43. Rxg3+ Kf4 44. Rf3+ Kg4 45. Kh2 Rb1 46. Be2 Rb2 47. Rf2+ Kg5 48. Kg3 Rb3+ 49. Bf3 Ra3 50. Rd2 Kf6 51. Rd5 Ra4 52. Rb5 Rc4 53. Rd5 Ra4 54. Kf2 Ra2+ 55. Ke3 Ke6 56. Rb5 Ra4 57.
Be4 Kf6 58. Kf4 Ra1 59. Rb6+ Ke7 60. g4 Rf1+ 61. Ke5 Ra1 62. Bd5 Rg1 63. Rb7+ Kd8 64. Be6 Re1+ 65. Kf6 Rf1+ 66. Bf5 Ra1 67. Rd7+ Ke8 68.
Rc7 Ra6+ 69. Be6 1-0

[Event "*** Titled Tuesday Blitz"]
[Site "Chess.com"]
[Date "2020.11.24"]
[Round "3"]
[White "yourstrulyme"]
[Black "bylavochka"]
[Result "1-0"]
[WhiteElo "2478"]
[BlackElo "2139"]
[TimeControl "180+1"]
[EndTime "10:44:41 PST"]
[Termination "yourstrulyme won on time"]

1. d4 Nf6 2. Nf3 e6 3. Bf4 Be7 4. Nbd2 d5 5. e3 O-O 6. Bd3 c5 7. c3 Nc6 8. Ne5 Nxe5 9. dxe5 Nd7 10. O-O f6 11. Nf3 fxe5 12. Nxe5 Nxe5 13. Bxe5 Bf6 14. Bg3 e5 15. Qc2 e4 16. Be2 Bf5 17. Rad1 Qd7 18. Bc4 Be6 19. Bxd5 Bxd5 20. c4 Be6 21. Rxd7 Bxd7 22.
Rd1 Bc6 23. Bd6 Rf7 24. Bxc5 Rc8 25. Bd4 Be7 26. Qb3 Rcf8 27. Rd2 h6 28. Bxa7 Ra8 29. Bd4 Rf5 30. a3 Bh4 31. g3 Be7 32. Qc3 Rf7 33.
b4 Bd7 34. Bxg7 Bg4 35. Bxh6 Bf3 36. h3 Rh7 37. Rd7 Re8 38. Qe5 Rxh6 39. Rxe7 Rxe7 40. Qxe7 Ra6 41. a4 1-0

[Event "*** Titled Tuesday Blitz"]
[Site "Chess.com"]
[Date "2020.11.24"]
[Round "3"]
[White "Agoking701"]
[Black "sboshaon21"]
[Result "1-0"]
[WhiteElo "2342"]
[BlackElo "2094"]
[TimeControl "180+1"]
[EndTime "10:44:41 PST"]
[Termination "Agoking701 won on time"]

1. e4 e5 2. Nf3 Nc6 3. Bc4 Nf6 4. d3 Bc5 5. c3 d6 6. a4 a6 7. Nbd2 O-O 8. Nf1 d5 9. exd5 Nxd5 10. Ng3 Be6 11. O-O Kh8 12. Re1 f6 13. d4 Bd6 14.
dxe5 Bxe5 15. Nxe5 Nxe5 16. Ba2 Bg8 17. Qc2 c6 18. Bd2 Qc7 19. Rad1 Ng6 20. Bc1 Rae8 21.
Bb1 Ndf4 22. Nf5 Rxe1+ 23. Rxe1 c5 24. g3 Nh3+ 25. Kg2 Ng5 26. Bxg5 fxg5 27. Qe4 h6 28. Kg1 Rd8 29. Nxh6 gxh6 30. Qxg6 Qg7 31. Qf5 Rf8 32. Qe4 Qf6 33. Re2 1-0

[Event "*** Titled Tuesday Blitz"]
[Site "Chess.com"]
[Date "2020.11.24"]
[Round "3"]
[White "vlad10898"]
[Black "Msb2"]
[Result "0-1"]
[WhiteElo "2682"]
[BlackElo "2920"]
[TimeControl "180+1"]
[EndTime "10:44:43 PST"]
[Termination "Msb2 won by resignation"]

1. Nf3 d5 2. e3 Nf6 3. c4 e6 4. Nc3 b6 5. cxd5 exd5 6. g3 Bd6 7. Bg2 Ba6 8. d3 O-O 9. O-O c6 10. b3 Nbd7 11. Re1 Nc5 12. Bf1 Bc8 13. b4 Ne6 14.
Rb1 b5 15. a4 a5 16. Na2 axb4 17. Nxb4 bxa4 18. Nxc6 Qc7 19. Ncd4 Nxd4 20. Nxd4 Bd7 21. Re2 Rfc8 22. Ra2 h5 23. Ba3 Bxa3 24. Rxa3 h4 25. Be2 Qd6 26. Rba1 Rab8 27. Qd2 Rb6 28. Bd1 Rcb8 29.
Bxa4 Rb1+ 30. Bd1 Bg4 31. f3 hxg3 32. fxg4 Nxg4 33. h3 Nf2 34. Rxb1 Rxb1 35. Ra8+ Kh7 36. Qe2 Rxd1+ 37. Kg2 Qg6 38. Qf3 Rd2 39. Kf1 Nxd3 0-1

[Event "*** Titled Tuesday Blitz"]
[Site "Chess.com"]
[Date "2020.11.24"]
[Round "3"]
[White "Oglob71"]
[Black "HanSchut"]
[Result "1-0"]
[WhiteElo "2401"]
[BlackElo "2205"]
[TimeControl "180+1"]
[EndTime "10:44:43 PST"]
[Termination "Oglob71 won by resignation"]

1. d4 Nf6 2. Nf3 g6 3. c4 Bg7 4. Nc3 d5 5. Bg5 Ne4 6. cxd5 Nxg5 7. Nxg5 e6 8. Nf3 exd5 9. e3 Qd6 10. Be2 O-O 11.
O-O c6 12. Ne1 Nd7 13. Nd3 f5 14. b4 Nf6 15. b5 Ne4 16. Rc1 Nxc3 17. Rxc3 cxb5 18.
Qb3 a6 19. Nf4 Be6 20. Bf3 Rad8 21. Rfc1 Bf7 22. Rc7 g5 23. Nd3 g4 24. Be2 h5 25.
Bf1 Rd7 26. Rxd7 Qxd7 27. Nf4 Rc8 28. Rxc8+ Qxc8 29. g3 Qd7 30. Bg2 Qc6 31. Bxd5 Bxd5 32.
Nxd5 Qc1+ 33. Kg2 Kh7 34. Nf4 h4 35. gxh4 Qc6+ 36. d5 Qd6 37. Qd3 Qe5 38. d6 Bf6 39. d7 Kh6 40. d8=Q Bxd8 41. Qxd8 Qe4+ 42. Kg1 Qb1+ 43. Kg2 Qe4+ 44. Kf1 Qb1+ 45. Ke2 Qxa2+ 46. Qd2 Qxd2+ 47. Kxd2 a5 48. Kc3 b4+ 49. Kc4 b5+ 50. Kb3 Kg7 51. Ne6+ Kf6 52. Nd4 Ke5 53. Nxb5 f4 54.
Nd4 fxe3 55. fxe3 Ke4 56. h5 Ke5 57. Ne2 Kf6 58. Ng3 Kg5 59. e4 Kf4 60. h6 1-0

[Event "*** Titled Tuesday Blitz"]
[Site "Chess.com"]
[Date "2020.11.24"]
[Round "3"]
[White "Algeriano22"]
[Black "GM_Levan_Pantsulaia"]
[Result "0-1"]
[WhiteElo "2613"]
[BlackElo "2834"]
[TimeControl "180+1"]
[EndTime "10:44:44 PST"]
[Termination "GM_Levan_Pantsulaia won on time"]

1. e4 c5 2. Nf3 e6 3. Nc3 a6 4. g3 b5 5. Bg2 Bb7 6. d4 cxd4 7. Nxd4 Nf6 8. Qe2 d6 9. O-O Nbd7 10. a4 b4 11. Na2 Qb6 12. Be3 Nc5 13. Nb3 a5 14.
Rfd1 Rc8 15. c3 Nfd7 16. cxb4 axb4 17. Nd4 Ba6 18. Qe1 Nd3 19. Rxd3 Bxd3 20. Nxb4 Nc5 21.
a5 Qb8 22. Nbc6 Qa8 23. b4 Bxe4 24. Bxe4 Nxe4 25. b5 d5 26. b6 Bc5 27. Qb1 Qb7 0-1

[Event "*** Titled Tuesday Blitz"]
[Site "Chess.com"]
[Date "2020.11.24"]
[Round "3"]
[White "tdf98pantani"]
[Black "AlexSuv"]
[Result "1-0"]
[WhiteElo "2722"]
[BlackElo "2522"]
[TimeControl "180+1"]
[EndTime "10:44:45 PST"]
[Termination "tdf98pantani won by resignation"]

1. e4 c5 2. Nf3 e6 3. d4 cxd4 4.
Nxd4 Nc6 5. Nc3 Qc7 6. Be2 a6 7. O-O Nf6 8. Kh1 Bb4 9. Bg5 Bxc3 10. Bxf6 gxf6 11. bxc3 d6 12. f4 Bd7 13. Bh5 Ke7 14. Qg4 Nxd4 15. cxd4 Qxc2 16. Qg7 Raf8 17. e5 Qf5 18.
Bf3 Rhg8 19. Qh6 fxe5 20. fxe5 dxe5 21. Bxb7 Qg5 22. Qh3 exd4 23. Qa3+ Ke8 24. Rac1 f5 25. Rc7 Rg7 26. Qd6 Qe7 27. Qxd4 e5 28. Qd2 Rf6 29. Rd1 Rb6 30. Bc8 Bxc8 31. Rxe7+ Rxe7 32. Qd8+ Kf7 33. Qxc8 1-0

[Event "*** Titled Tuesday Blitz"]
[Site "Chess.com"]
[Date "2020.11.24"]
[Round "3"]
[White "WPWPWP-2015"]
[Black "TC2304"]
[Result "1-0"]
[WhiteElo "2523"]
[BlackElo "2340"]
[TimeControl "180+1"]
[EndTime "10:44:45 PST"]
[Termination "WPWPWP-2015 won on time"]

1. d4 Nf6 2. c4 c5 3. d5 e6 4. Nc3 exd5 5. cxd5 d6 6. e4 g6 7. Bd3 Bg7 8. Nge2 O-O 9. O-O Re8 10. Bf4 Nh5 11.
Bd2 Na6 12. Rc1 Rb8 13. a3 Nc7 14. f4 b5 15. Kh1 a5 16. Be1 b4 17. axb4 axb4 18. Na4 Ba6 19. b3 Qe7 20. e5 Bxd3 21. Qxd3 Rbd8 22. g4 dxe5 23. gxh5 Nxd5 24. Qe4 f5 25. Qc4 Kh8 26. Qxc5 Qb7 27. Qc6 Qb8 28. Bh4 Rd6 29. Qc5 Qa8 30. Kg1 Rd7 31. h6 Bf6 32. Bxf6+ Nxf6 33. Nb6 Qe4 34. Nxd7 Ng4 35. Ng3 Qb7 36.
Nxe5 1-0

[Event "*** Titled Tuesday Blitz"]
[Site "Chess.com"]
[Date "2020.11.24"]
[Round "3"]
[White "Rodalquilar"]
[Black "inegrepus"]
[Result "1-0"]
[WhiteElo "2660"]
[BlackElo "2228"]
[TimeControl "180+1"]
[EndTime "10:44:46 PST"]
[Termination "Rodalquilar won on time"]

1. d4 Nf6 2. Bf4 d5 3. e3 g6 4. Nf3 Bg7 5. Be2 O-O 6. O-O b6 7. a4 Bb7 8. a5 c5 9. c3 Nc6 10. a6 Bc8 11. Qb3 Na5 12. Qa3 c4 13. Nbd2 Nh5 14. Bg5 Re8 15. Bh4 Qd6 16. Qxd6 exd6 17. Ng5 h6 18. Nh3 Nf6 19. Bxf6 Bxf6 20. Nf4 Be6 21. Bf3 Rac8 22. Nxd5 Bg7 23. Nb4 f5 24.
Rfe1 Bf7 25. e4 fxe4 26. Nxe4 Rcd8 27. Nd2 Kf8 28. Kf1 g5 29. h3 Nb3 30. Nxb3 cxb3 31. Nc6 Bc4+ 32. Kg1 Rxe1+ 33. Rxe1 Re8 34. Ra1 1-0

[Event "*** Titled Tuesday Blitz"]
[Site "Chess.com"]
[Date "2020.11.24"]
[Round "3"]
[White "barriochess"]
[Black "zurzan"]
[Result "1-0"]
[WhiteElo "2369"]
[BlackElo "2082"]
[TimeControl "180+1"]
[EndTime "10:44:46 PST"]
[Termination "barriochess won on time"]

1. e4 Nf6 2. e5 Nd5 3. d4 d6 4. c4 Nb6 5. f4 dxe5 6. fxe5 Nc6 7. Be3 Bf5 8. Nc3 e6 9. Rc1 Be7 10. Nf3 O-O 11. Be2 f6 12. exf6 Bxf6 13. O-O Qe8 14.
Nb5 Qe7 15. Qd2 Rad8 16. Qc3 a6 17. Na3 e5 18. d5 e4 19. Nd4 Nxd4 20. Bxd4 Bxd4+ 21. Qxd4 Bg6 22. Nc2 c5 23. Qc3 Nd7 24. Ne3 Ne5 25.
a3 Nd3 26. Bxd3 exd3 27. Qd2 Rfe8 28. Rce1 Qg5 29. Kh1 Re7 30. Qf2 h6 31. h4 Qh5 32.
g4 Be4+ 33. Kh2 Qe5+ 34. Kh3 Rde8 35. Nf5 Rd7 36. Ng3 1-0

[Event "*** Titled Tuesday Blitz"]
[Site "Chess.com"]
[Date "2020.11.24"]
[Round "3"]
[White "MasterMK73"]
[Black "Korchmar_Vasiliy"]
[Result "0-1"]
[WhiteElo "2284"]
[BlackElo "2603"]
[TimeControl "180+1"]
[EndTime "10:44:46 PST"]
[Termination "Korchmar_Vasiliy won on time"]

1. e4 c6 2. d4 d5 3. e5 Bf5 4. Nd2 e6 5. Nb3 Nd7 6. Be3 Ne7 7. Ne2 h6 8. Ng3 Bh7 9. Bd3 Bxd3 10. Qxd3 g6 11.
O-O Nf5 12. Nxf5 gxf5 13. f4 Qh4 14. Rf3 Rg8 15. Qd2 O-O-O 16. Qe2 f6 17. a4 Be7 18. Kh1 Qh5 19. a5 a6 20. Rc1 fxe5 21. fxe5 Rg4 22. Rh3 Qg6 23. Rxh6 Qg7 24. Rxe6 Rg8 25. Rg1 Rh4 26.
g3 Rh7 27. Rg2 Nf8 28. Rxc6+ bxc6 29. Qxa6+ Kd7 30. Qb7+ Ke6 31. Qxc6+ Kf7 32. a6 Qg4 33.
Qxd5+ Ne6 34. Nd2 Qd1+ 35. Rg1 Rxh2+ 36. Kxh2 Rh8+ 37. Kg2 Qe2+ 38. Bf2 Qxd2 39. Qf3 Qxc2 40. d5 Ng5 41. Qf4 Nh3 42. e6+ Kg6 43. Qf3 Nxf2 44. Qxf2 Qxf2+ 45. Kxf2 Bc5+ 0-1

[Event "*** Titled Tuesday Blitz"]
[Site "Chess.com"]
[Date "2020.11.24"]
[Round "3"]
[White "isainz"]
[Black "1nikolachess"]
[Result "0-1"]
[WhiteElo "2032"]
[BlackElo "2309"]
[TimeControl "180+1"]
[EndTime "10:44:46 PST"]
[Termination "1nikolachess won on time"]

1. e4 e5 2. Nf3 Nc6 3. Bc4 Bc5 4. O-O Nf6 5. d3 O-O 6. c3 d6 7. h3 a6 8. Bb3 Ba7 9. Re1 Ne7 10. Nbd2 Ng6 11.
Nf1 Nh5 12. a4 Nhf4 13. Kh2 Qf6 14. Be3 Nh4 15. Nxh4 Qxh4 16. Qf3 Nxd3 17. Re2 Nf4 18. Bxf4 exf4 19. Nd2 g5 20. Kg1 Qh6 21. e5 Bf5 22. exd6 Qxd6 23. Rd1 Qb6 24. Re5 Qf6 25. Rde1 c6 26. Qh5 h6 27. Nf3 Qg6 28. Qxg6+ Bxg6 29. h4 Bb8 30. Re7 g4 31. h5 Bxh5 32. Ne5 Bxe5 33.
R1xe5 Bg6 34. Rxb7 Rab8 35. Ree7 Rxb7 36. Rxb7 g3 37. fxg3 fxg3 38. Rb6 Re8 0-1

[Event "*** Titled Tuesday Blitz"]
[Site "Chess.com"]
[Date "2020.11.24"]
[Round "3"]
[White "Omk124"]
[Black "zverr1"]
[Result "1/2-1/2"]
[WhiteElo "2355"]
[BlackElo "2520"]
[TimeControl "180+1"]
[EndTime "10:44:47 PST"]
[Termination "Game drawn by repetition"]

1. e4 e6 2. d4 d5 3. Nd2 c5 4. exd5 exd5 5. Ngf3 Nc6 6. Bb5 Qe7+ 7. Be2 Qc7 8. O-O Nf6 9. dxc5 Bxc5 10. Nb3 Bb6 11. Bg5 Ne4 12. Qxd5 Nxg5 13. Qxg5 O-O 14. Bd3 g6 15. Qh6 Ne5 16. Nxe5 Qxe5 17. Rae1 Qxb2 18. Re7 Qf6 19. Re4 Qg7 20. Qxg7+ Kxg7 21. Re7 Bd8 22. Re5 Bf6 23. Re2 Bg4 24. f3 Be6 25. Kh1 b6 26. Nd2 Bxa2 27. Ne4 Be6 28. Nxf6 Kxf6 29.
f4 h5 30. f5 Bxf5 31. Bxf5 gxf5 32. Ref2 Rac8 33. Rxf5+ Ke6 34. Rxh5 Rxc2 35. Re1+ Kf6 36. Rf1+ Kg6 37. Rh3 f5 38. Rg3+ Kf6 39. h4 Rh8 40. Rh3 Rc4 41. h5 Kg5 42. Kh2 f4 43. Ra1 Rc7 44.
Rd1 Rc5 45. Rd7 a5 46. h6 b5 47. h7 Kg6 48. Rd6+ Kg7 49. Rd7+ Kg6 50. Ra7 a4 51. Rh4 Rh5 52. Ra6+ Kg5 53. Rxh5+ Kxh5 54. Ra5 Rxh7 55. Rxb5+ Kg4+ 56. Kg1 Ra7 57. Rb2 a3 58. Ra2 Kg3 59. Kf1 Ra4 60. Kg1 Ra7 61. Kf1 f3 62. gxf3 Kxf3 63.
Ke1 Ke3 64. Kd1 Kd3 65. Kc1 Kc3 66. Kb1 Kb3 67. Rh2 Rb7 68. Ka1 Ka4 69. Rh4+ Kb3 70. Rh3+ Kc2 71. Rxa3 Rb1+ 72. Ka2 Rb2+ 73. Ka1 Rb1+ 74.
Ka2 Rb2+ 75. Ka1 Rb1+ 1/2-1/2

[Event "*** Titled Tuesday Blitz"]
[Site "Chess.com"]
[Date "2020.11.24"]
[Round "3"]
[White "FMalexhdez"]
[Black "Anna_ChessMate"]
[Result "1-0"]
[WhiteElo "2287"]
[BlackElo "2573"]
[TimeControl "180+1"]
[EndTime "10:44:47 PST"]
[Termination "FMalexhdez won by resignation"]

1. e4 c6 2. d4 d5 3. exd5 cxd5 4. Bd3 Nc6 5. c3 Nf6 6. Bg5 Bg4 7. Qb3 Qd7 8. Nd2 e6 9. Ngf3 Bd6 10. Bh4 O-O 11. Bg3 Rfe8 12. O-O Bxg3 13. hxg3 Rac8 14. Rfe1 Na5 15. Qa3 Qc7 16. Ne5 Bh5 17. b4 Nc6 18. Rac1 Nxe5 19. dxe5 Nd7 20. f4 Red8 21. Nb3 Bg6 22.
Bf1 Nb6 23. Nc5 a6 24. Qa5 Nd7 25. Qxc7 Rxc7 26. Nxd7 Rdxd7 27. Kf2 Rd8 28. c4 Rdc8 29. c5 Kf8 30. Ke3 Ke7 31. Kd4 f6 32. a4 Be8 33.
b5 axb5 34. axb5 Ra8 35. Ra1 Rac8 36. Rec1 fxe5+ 37. fxe5 g5 38. Ra7 h6 39. b6 Rd7 40.
Bb5 Rdd8 41. Rxb7+ Kf8 42. c6 Bg6 43. c7 1-0